 Dungeon Crawl Stone Soup version 0.28.0-45-g0d030f2227 (webtiles) character file.

Game seed: 8493579822934321163

99978 MisterFreud the Warrior (level 15, -12/144 HPs)
             Began as a Black Draconian Cinder Acolyte on Mar 31, 2022.
             Was a Priest of Ignis.
             Killed from afar by a naga mage (22 damage)
             ... with a bolt of poison
             ... on level 2 of the Snake Pit.
             The game lasted 00:49:27 (34795 turns).

MisterFreud the Warrior (DrCA)                     Turns: 34795, Time: 00:49:28

Health: -12/144    AC: 17    Str: 16    XL:     15   Next: 79%
Magic:  18/18      EV: 12    Int: 16    God:    Ignis [***...]
Gold:   700        SH: 11    Dex: 13    Spells: 16/18 levels left

rFire   + . .      SeeInvis +   a - +7 demon whip (elec)
rCold   + . .      Faith    .   U - +0 kite shield {AC+3}
rNeg    + . .      Spirit   .   (armour unavailable)
rPois   .          Reflect  .   (helmet restricted)
rElec   +          Harm     .   t - +0 cloak {rCorr}
rCorr   +          Rampage  .   Q - +2 pair of gloves
Will    +++++      Clarity  +   y - +0 pair of boots
Stlth   +.........              R - amulet of the Four Winds {rN+ Will+++ Clar}
HPRegen 0.34/turn               j - ring of Circularity {rC+ Slay+3}
MPRegen 0.16/turn               T - ring of Summertime {Will++ Slay+2 SInv}

@: lethally poisoned (-12 -> -26), short of breath, flying, constricted
A: breathe lightning, AC +9, unfitting armour, big wings, electricity
resistance, cold-blooded
a: Breathe Lightning, Renounce Religion, Fiery Armour, Foxfire Swarm


You were on level 2 of the Snake Pit.
You worshipped Ignis.
Ignis was most pleased with you.
You visited 7 branches of the dungeon, and saw 29 of its levels.
You also visited: Gauntlet.

You collected 2332 gold pieces.
You spent 1632 gold pieces at shops.

Inventory:

Hand Weapons
 a - a +7 demon whip of electrocution (weapon)
 b - a +4 scimitar of flaming
Missiles
 r - 3 curare-tipped darts
 D - 24 poisoned darts (quivered)
 G - 19 boomerangs
 H - a throwing net
Armour
 t - a +0 cloak of preservation (worn)
 y - a +0 pair of boots (worn)
 Q - a +2 pair of gloves (worn)
 U - a +0 kite shield of protection (worn)
Jewellery
 c - a ring of protection from cold
 j - the ring of Circularity (left hand) {rC+ Slay+3}
   (You found it on level 13 of the Dungeon)

   [ring of protection from cold]

   Slay:      It affects your accuracy & damage with ranged weapons and melee
   (+3).
   rC:        It protects you from cold.
 k - a ring of protection from fire
 q - a +4 ring of protection
 u - a +6 ring of intelligence
 z - a ring of protection from fire
 I - the ring of Hupaecat {rCorr Int+3}
   (You found it on level 6 of the Lair of Beasts)

   [ring of resist corrosion]

   Int:       It affects your intelligence (+3).
   rCorr:     It protects you from acid and corrosion.
 L - a +4 ring of evasion
 R - the amulet of the Four Winds (around neck) {rN+ Will+++ Clar}
   (You found it in a Gauntlet)

   [amulet of nothing]

   rN:        It protects you from negative energy.
   Clar:      It protects you against confusion.
   Will:      It greatly increases your willpower.
 T - the ring of Summertime (right hand) {Will++ Slay+2 SInv}
   (You bought it in a shop on level 2 of the Orcish Mines)

   [ring of see invisible]

   Slay:      It affects your accuracy & damage with ranged weapons and melee
   (+2).
   SInv:      It lets you see invisible.
   Will:      It greatly increases your willpower.
Wands
 x - a wand of iceblast (15)
 A - a wand of polymorph (20)
 C - a wand of digging (6)
 F - a wand of flame (43)
 V - a wand of acid (9)
 W - a wand of charming (10)
Scrolls
 d - a scroll of holy word
 g - 5 scrolls of enchant armour
 h - 4 scrolls of teleportation
 i - a scroll of silence
 n - 5 scrolls of identify
 p - 2 scrolls of amnesia
 B - 5 scrolls of blinking
 J - 5 scrolls of fog
 O - 3 scrolls of summoning
 P - 2 scrolls of fear
 Y - 2 scrolls of magic mapping
Potions
 e - 7 potions of flight
 f - 3 potions of brilliance
 m - 6 potions of might
 o - 5 potions of curing
 s - 4 potions of resistance
 v - a potion of cancellation
 w - 5 potions of haste
 E - a potion of heal wounds
 K - 3 potions of mutation
 N - 3 potions of magic
 S - 4 potions of berserk rage
Miscellaneous
 l - a lightning rod (1/4)
 M - a box of beasts (inert)
 X - a tin of tremorstones (2/2)
 Z - a piece from Xom's chessboard (15/15)


   Skills:
 - Level 16.0 Fighting
 - Level 4.0 Long Blades
 - Level 14.0(15.4) Axes
 - Level 11.0(14.0) Maces & Flails
 - Level 10.0 Dodging
 + Level 10.0 Shields
 - Level 2.0 Spellcasting
 - Level 4.0 Fire Magic
 - Level 10.0 Evocations


You had 16 spell levels left.
You knew the following spells:

 Your Spells              Type           Power      Damage    Failure   Level
a - Scorch                Fire           28%        2d6       13%         2

Your spell library contained the following spells:

 Spells                   Type           Power      Damage    Failure   Level
 Beastly Appendage        Tmut           2%         N/A       41%         1
 Magic Dart               Conj           4%         1d3       41%         1
 Sting                    Tmut/Pois      4%         1d3       41%         1
 Summon Small Mammal      Summ           4%         N/A       41%         1
 Call Imp                 Summ           1%         N/A       56%         2
 Corpse Rot               Necr/Air       2%         N/A       56%         2
 Ensorcelled Hibernation  Hex/Ice        2%         N/A       56%         2
 Poisonous Vapours        Pois/Air       2%         N/A       56%         2
 Searing Ray              Conj           2%         2d4       56%         2
 Static Discharge         Conj/Air       1%         N/A       56%         2
 Wereblood                Tmut           1%         N/A       56%         2
 Call Canine Familiar     Summ           1%         N/A       80%         3
 Gell's Gravitas          Tloc           1%         N/A       80%         3
 Lesser Beckoning         Tloc           1%         N/A       80%         3
 Mephitic Cloud           Conj/Pois/Air  1%         N/A       80%         3
 Ozocubu's Armour         Ice            1%         N/A       80%         3
 Spider Form              Tmut/Pois      1%         N/A       80%         3
 Summon Guardian Golem    Hex/Summ       1%         N/A       80%         3
 Teleport Other           Tloc           1%         N/A       80%         3
 Tukima's Dance           Hex            1%         N/A       80%         3
 Flame Wave               Conj/Fire      8%         2d5       89%         4
 Sticky Flame             Conj/Fire      8%         2d3       89%         4
 Anguish                  Hex/Necr       0%         N/A       99%         4
 Dispel Undead            Necr           1%         3d6       99%         4
 Fulminant Prism          Conj/Hex       0%         3d6       99%         4
 Olgreb's Toxic Radiance  Pois           1%         N/A       99%         4
 Blade Hands              Tmut           0%         N/A       100%        5
 Metabolic Englaciation   Hex/Ice        0%         N/A       100%        5
 Summon Forest            Summ/Tloc      0%         N/A       100%        5
 Dispersal                Tloc           0%         N/A       100%        6
 Eringya's Noxious Bog    Tmut/Pois      0%         N/A       100%        6
 Iron Shot                Conj/Erth      0%         9d1       100%        6
 Simulacrum               Ice/Necr       0%         N/A       100%        6
 Summon Cactus Giant      Summ           0%         N/A       100%        6
 Enfeeble                 Hex            0%         N/A       100%        7
 Summon Hydra             Summ           0%         N/A       100%        7
 Borgnjor's Revivificati  Necr           0%         N/A       100%        8
 Disjunction              Tloc           0%         N/A       100%        8
 Necromutation            Tmut/Necr      0%         N/A       100%        8
 Death's Door             Necr           0%         N/A       100%        9
 Animate Armour           Summ/Erth      Unusable   N/A       N/A         4

Dungeon Overview and Level Annotations

Branches:
Dungeon (15/15)            Temple (1/1) D:7            Lair (6/6) D:8
 Shoals (1/4) Lair:4        Snake (3/4) Lair:3        Slime (0/5) Lair:6
    Orc (2/2) D:10            Elf (0/3) Orc:2        Vaults (0/5) D:14
 Depths (1/4) D:15        Gauntlet (visited)

Altars:
Dithmenos
Elyvilon
Gozag
Hepliaklqana
Kikubaaqudgha
Makhleb
Okawaru
Qazlal
Ru
Sif Muna
Trog
Vehumet
Zin
The Shining One
Beogh
Jiyva

Shops:
D:13 [   Orc:2 !=(![

Annotations:
D:7 exclusion: statue
D:9 Gastronok
D:12 Rupert
Lair:6 1 runed translucent door


Innate Abilities, Weirdness & Mutations

You can breathe wild blasts of lightning.
Your glossy black scales are hard. (AC +9)
You cannot fit into any form of body armour.
Your large and strong wings let you fly.
You are resistant to electric shocks. (rElec)
You are cold-blooded and may be slowed by cold attacks.


Message History

What are your orders? t - Shout!
Orders for allies: a - Attack new target. r - Retreat! s - Stop attacking. g - Guard the area. f - Follow me.
Anything else - Cancel.
Gang up on whom?
Press: ? - help, Dir - move target, f - naga mage
Aim: a naga mage, wielding a +0 whip (lightly wounded, fast, ally target) Attack!
You feel sick.
Your elder weirdsting beast stings the naga mage from afar!
Unknown command.
You closely miss the naga mage.
Your tail-slap misses the naga mage.
The naga mage is moderately wounded.
You feel sick. You block the naga mage's attack. The naga mage grabs you.
The naga mage constricts you.
* * * LOW HITPOINT WARNING * * *
Unknown command.
Unknown command.
You feel better.
An anaconda comes into view.
The naga mage barely misses you. The naga mage constricts you.
Your elder weirdsting beast closely misses the naga mage.
A naga mage comes into view. It is wielding a +0 spear.
The naga mage spits poison at you. The splash of poison hits you.
You are poisoned.
* * * LOW HITPOINT WARNING * * *
The naga mage constricts you.
* * * LOW HITPOINT WARNING * * *
The naga mage's grasp on you weakens, but your attempt to escape fails.
You feel sick. The naga mage hits you with a +0 whip.
* * * LOW HITPOINT WARNING * * *
The naga mage constricts you.
Your elder weirdsting beast stings the naga mage from afar!
The naga mage casts a spell at you.
The bolt of poison misses the naga mage.
The bolt of poison hits you!!
You are lethally poisoned!
You die...

.......)).>....#
...............#
...............#
.....###$S.....#
###+### ....
###.......# .......
... #.........#
....... ..
#.......).# .......
.
#...[....)##.......
#........@NN.......
#.......H.##.......
#.........# ..N....
########### ###..##
... ≈≈ .


You could see an anaconda, 3 naga magi and a friendly elder weirdsting beast
(summoned).

Vanquished Creatures
  An orc warlord (Orc:1)
  An ironbound preserver (D:14)
  A dire elephant (Lair:6)
  A minotaur (Gauntlet)
  Snorg (Lair:6)
  2 fire dragons (D:15)
  The ghost of jacek the Severer, a journeyman HOFi of Beogh (D:11)
  Josephine (Lair:6)
  Erolcha (Orc:2)
  A catoblepas (Lair:5)
  An anaconda (Snake:1)
  A naga warrior (Snake:2)
  4 boulder beetles
  An ogre mage (Orc:2)
  10 hydras
  Erica (D:9)
  8 centaur warriors
  3 two-headed ogres
  A death knight (D:13)
  Nergalle (Lair:4)
  3 death yaks (Lair:6)
  A wretched star (Gauntlet)
  A phantasmal warrior (D:14)
  Pikel (D:6)
  7 deep elf pyromancers
  A mana viper (Snake:1)
  4 lindwurms (Lair:6)
  A wolf spider (D:13)
  9 ugly things (D:14)
  8 orc sorcerers (Orc:2)
  2 salamanders (Snake:2)
  5 cyclopes
  6 elephants
  2 manticores
  A black mamba (shapeshifter) (D:13)
  Maurice (D:9)
  10 black mambas
  2 gargoyles
  6 torpor snails
  Joseph (D:7)
  A cane toad (shapeshifter) (D:13)
  15 cane toads
  Maggie (D:7)
  4 rime drakes
  4 freezing wraiths
  4 yaktaurs (D:15)
  4 trolls
  14 komodo dragons
  A meliai (D:14)
  A raiju (shapeshifter) (D:13)
  3 polar bears
  3 tyrant leeches (Lair:6)
  8 hornets
  20 blink frogs
  Prince Ribbit (D:7)
  6 slime creatures (D:14)
  7 dream sheep
  5 small abominations (Gauntlet)
  A vampire (D:11)
  4 wyverns
  7 centaur simulacra
  A fire elemental (Lair:3)
  6 wraiths
  56 yaks
  7 basilisks
  10 nagas
  4 wargs
  3 acid dragons
  16 water moccasins
  17 orc warriors
  2 black bears
  A sky beast (D:7)
  2 ice beasts (D:5)
  6 ogres
  A necrophage (D:6)
  23 centaurs
  5 wolves
  2 lemures
  2 phantoms (D:6)
  3 kobold brigands
  A gnoll sergeant (D:13)
  10 bullfrogs
  3 scorpions
  6 wights
  3 killer bees (D:8)
  5 centaur zombies
  2 hounds
  A lava snake (Lair:3)
  A wyvern simulacrum (Gauntlet)
  2 jellies
  Crazy Yiuf (D:7)
  11 orc priests
  A gnoll shaman (D:7)
  A bullfrog skeleton (D:4)
  An iguana (D:5)
  36 orc wizards
  A killer bee zombie (D:6)
  A howler monkey zombie (D:8)
  6 adders
  15 gnolls
  2 shadow imps
  A white imp (D:7)
  An ufetubus (D:6)
  2 worms (D:2)
  2 dart slugs
  63 orcs
  6 endoplasms
  6 giant cockroaches
  2 goblins (D:1)
  8 hobgoblins
  20 kobolds
  2 quokkas
  4 ball pythons
  4 bats
  4 frilled lizards
  7 rats
637 creatures vanquished.

Vanquished Creatures (others)
  A death knight (D:14)
  An unseen horror (D:12)
  4 demonic plants (Gauntlet)
  14 foxfires (Gauntlet)
  32 fungi
  50 plants
  2 withered plants (D:11)
104 creatures vanquished.

Grand Total: 741 creatures vanquished

Notes
Turn   | Place    | Note
-------+----------+-------------------------------------------
     0 | D:1      | MisterFreud the Draconian Cinder Acolyte began the quest
                  | for the Orb.
     0 | D:1      | Reached XP level 1. HP: 19/19 MP: 2/2
   351 | D:1      | Reached XP level 2. HP: 24/26 MP: 3/3
   354 | D:1      | Learned a level 2 spell: Scorch
   828 | D:1      | Found a faded altar of an unknown god.
  1183 | D:2      | Reached XP level 3. HP: 31/31 MP: 4/4
  1410 | D:2      | Found a stormy altar of Qazlal.
  1566 | D:2      | Identified the +9 hand axe "Ehotun" {drain, rN+ Will-
                  | Dex+6}
  2038 | D:2      | Reached XP level 4. HP: 38/38 MP: 5/5
  2860 | D:3      | Noticed an ogre
  2870 | D:3      | Killed an ogre
  2871 | D:3      | Reached skill level 4 in Fighting
  2871 | D:3      | Reached XP level 5. HP: 46/46 MP: 8/8
  3250 | D:4      | Found a hazy altar of Hepliaklqana.
  3279 | D:4      | Found a shimmering blue altar of Sif Muna.
  3625 | D:4      | Reached XP level 6. HP: 50/52 MP: 9/9
  4257 | D:5      | Entered Level 5 of the Dungeon
  4270 | D:5      | Found an iron altar of Okawaru.
  4606 | D:5      | Found a glowing golden altar of the Shining One.
  4638 | D:5      | Found a shadowy altar of Dithmenos.
  4777 | D:5      | Noticed an ice beast
  4784 | D:5      | Killed an ice beast
  4785 | D:5      | Reached skill level 5 in Axes
  4785 | D:5      | Your scales start taking on a glossy black colour.
  4785 | D:5      | Reached XP level 7. HP: 59/59 MP: 5/10
  4785 | D:5      | Gained mutation: You are resistant to electric shocks.
                  | (rElec) [Black Draconian growth]
  4943 | D:5      | Identified the +5 great sword of Charity {pain, rC+ rN+
                  | rCorr}
  5332 | D:5      | Found Zin's Purification Station.
  5332 | D:5      | Found a glowing silver altar of Zin.
  5340 | D:5      | Bought a potion of curing for 90 gold pieces
  5432 | D:5      | Found an opulent altar of Gozag.
  5526 | D:6      | Reached skill level 5 in Fighting
  5575 | D:6      | Reached skill level 6 in Fighting
  5861 | D:6      | Reached XP level 8. HP: 63/71 MP: 11/11
  5907 | D:6      | Reached skill level 7 in Fighting
  6155 | D:7      | Noticed Pikel
  6166 | D:7      | Reached skill level 8 in Fighting
  6271 | D:7      | Noticed Maggie
  6276 | D:6      | Killed Pikel
  6277 | D:6      | Reached skill level 9 in Fighting
  6293 | D:7      | Reached skill level 10 in Fighting
  6297 | D:7      | Killed Maggie
  6298 | D:7      | Reached XP level 9. HP: 48/85 MP: 11/12
  6414 | D:7      | Noticed Prince Ribbit
  6426 | D:7      | Killed Prince Ribbit
  6661 | D:7      | Found a staircase to the Ecumenical Temple.
  6679 | D:7      | Paralysed by a hornet for 2 turns
  6795 | D:7      | Noticed Joseph
  6804 | Temple   | Entered the Ecumenical Temple
  6983 | D:7      | Killed Joseph
  7168 | D:7      | Found a radiant altar of Vehumet.
  7253 | D:7      | Found a runed translucent door.
  7254 | D:7      | Noticed Crazy Yiuf
  7455 | D:7      | Killed Crazy Yiuf
  7688 | D:8      | Reached skill level 10 in Axes
  7964 | D:8      | Found a staircase to the Lair.
  7966 | D:8      | Noticed an elephant
  8407 | D:8      | Killed an elephant
  8408 | D:8      | Reached XP level 10. HP: 93/93 MP: 13/13
  8888 | D:8      | Found a burning altar of Makhleb.
  8888 | D:8      | Noticed an Executioner
  9253 | D:9      | Noticed Erica
  9266 | D:9      | Killed Erica
  9442 | D:9      | Noticed a boulder beetle
  9897 | D:9      | Noticed a gargoyle
  9910 | D:9      | Killed a gargoyle
  9911 | D:9      | Noticed Gastronok
  9916 | D:9      | HP: 2/93 [Gastronok/the air (30)]
 10001 | D:10     | Entered Level 10 of the Dungeon
 10281 | D:10     | Found a sacrificial altar of Ru.
 10329 | D:10     | Reached XP level 11. HP: 35/99 MP: 14/14
 10338 | D:10     | Found a staircase to the Orcish Mines.
 10906 | D:9      | Killed a boulder beetle
 11262 | D:10     | Reached skill level 11 in Fighting
 11489 | D:10     | Noticed a two-headed ogre
 11499 | D:10     | Killed a two-headed ogre
 11934 | D:11     | Found a stormy altar of Qazlal.
 12202 | D:11     | Found a runed translucent door.
 12205 | D:11     | Noticed jacek's ghost (journeyman HOFi)
 12365 | D:11     | Reached skill level 12 in Fighting
 13207 | D:11     | Killed jacek's ghost
 13208 | D:11     | Reached skill level 13 in Fighting
 13616 | D:12     | Noticed Rupert
 13630 | D:12     | Found a gate leading to a gauntlet.
 13640 | Gauntlet | Entered a Gauntlet
 13640 | Gauntlet | Found a transporter.
 13640 | Gauntlet | Found a transporter.
 13646 | Gauntlet | Found a transporter.
 13649 | Gauntlet | Found a transporter.
 13651 | Gauntlet | Found a transporter.
 13693 | Gauntlet | Found a transporter.
 13693 | Gauntlet | Found a transporter.
 13696 | Gauntlet | Found a transporter.
 13750 | Gauntlet | Identified the +7 scimitar of the Real Monster {chaos,
                  | Dex+5}
 13777 | Gauntlet | Found the amulet of the Four Winds {rN+ Will+++ Clar}
 13783 | Gauntlet | Found a transporter.
 13786 | Gauntlet | Noticed a wretched star
 13790 | Gauntlet | Found a runed translucent door.
 13791 | Gauntlet | Noticed a catoblepas
 13921 | Gauntlet | Found a runed translucent door.
 13938 | Gauntlet | Noticed a fire crab
 13991 | Gauntlet | Killed a wretched star
 13992 | Gauntlet | Reached skill level 14 in Fighting
 13992 | Gauntlet | Found a transporter.
 14166 | Gauntlet | Noticed a minotaur
 14191 | Gauntlet | Killed a minotaur
 14357 | D:12     | Noticed a boulder beetle
 14387 | D:12     | Killed a boulder beetle
 14388 | D:12     | Reached XP level 12. HP: 28/118 MP: 15/15
 15201 | Lair:1   | Entered Level 1 of the Lair of Beasts
 15231 | Lair:1   | Reached skill level 15 in Fighting
 15231 | Lair:1   | Reached skill level 1 in Maces & Flails
 15718 | Lair:1   | Reached skill level 5 in Maces & Flails
 17863 | Lair:3   | Reached XP level 13. HP: 120/126 MP: 16/16
 17933 | Lair:3   | Reached skill level 10 in Maces & Flails
 18653 | Lair:3   | Reached skill level 1 in Dodging
 18962 | Lair:3   | Found a staircase to the Snake Pit.
 20134 | Lair:4   | Noticed Nergalle
 20153 | Lair:4   | Killed Nergalle
 20310 | Lair:4   | Reached skill level 5 in Dodging
 20475 | Lair:4   | Found a staircase to the Shoals.
 20692 | Lair:4   | Noticed Sonja
 20694 | Lair:4   | Noticed Sonja
 20694 | Lair:4   | Sonja changed into Sonja the warg
 20699 | Lair:4   | Killed Sonja the warg
 21230 | Shoals:1 | Entered Level 1 of the Shoals
 21299 | Lair:5   | Reached skill level 1 in Evocations
 22947 | Lair:6   | Entered Level 6 of the Lair of Beasts
 23126 | Lair:6   | Noticed Josephine
 23138 | Lair:5   | Reached skill level 5 in Evocations
 23666 | Lair:6   | Noticed Snorg
 23676 | Lair:6   | Killed Snorg
 23677 | Lair:6   | Gained mutation: Your large and strong wings let you fly.
                  | [Black Draconian growth]
 23677 | Lair:6   | Reached XP level 14. HP: 112/135 MP: 14/17
 23688 | Lair:6   | Killed Josephine
 24184 | Lair:6   | Identified the ring of Hupaecat {rCorr Int+3}
 25547 | Lair:6   | Found a viscous altar of Jiyva.
 25547 | Lair:6   | Found a staircase to the Slime Pits.
 25713 | Lair:6   | Found a runed translucent door.
 26967 | D:9      | Noticed Maurice
 26992 | D:9      | Killed Maurice
 27018 | D:9      | Found a bloodstained altar of Trog.
 27108 | D:12     | You are sucked into a shaft and drop 3 floors!
 27108 | D:15     | Entered Level 15 of the Dungeon
 27348 | D:14     | Reached skill level 10 in Dodging
 28014 | D:13     | Found a white marble altar of Elyvilon.
 28095 | D:13     | Reached skill level 10 in Evocations
 28772 | D:13     | Identified the ring of Circularity {rC+ Slay+3}
 28825 | D:13     | Reached XP level 15. HP: 119/141 MP: 13/18
 29632 | D:13     | Found Hunon's Antique Armour Shop.
 29640 | D:13     | Bought a kite shield for 135 gold pieces
 29826 | D:14     | Reached skill level 16 in Fighting
 29826 | D:14     | Reached skill level 1 in Shields
 30211 | D:14     | Reached skill level 5 in Shields
 30487 | D:14     | Found a gate to the Vaults.
 31529 | D:15     | Found a staircase to the Depths.
 32171 | Depths:1 | Entered Level 1 of the Depths
 32325 | Orc:1    | Entered Level 1 of the Orcish Mines
 32583 | Orc:2    | Entered Level 2 of the Orcish Mines
 32588 | Orc:2    | Noticed an orc warlord
 32594 | Orc:2    | Found Hajab's Armour Shop.
 32637 | Orc:1    | Killed an orc warlord
 33186 | Orc:2    | Found Hoajef's Distillery.
 33204 | Orc:2    | Bought a potion of heal wounds for 70 gold pieces
 33204 | Orc:2    | Bought a potion of heal wounds for 70 gold pieces
 33209 | Orc:2    | Bought a potion of haste for 140 gold pieces
 33238 | Orc:2    | Found a radiant altar of Vehumet.
 33238 | Orc:2    | Noticed Erolcha
 33252 | Orc:2    | Killed Erolcha
 33258 | Orc:2    | Found Xaamuot's Jewellery Shop.
 33322 | Orc:2    | Bought the ring of Summertime {Will++ Slay+2 SInv} for 698
                  | gold pieces
 33490 | Orc:2    | Found Ushrar's Distillery.
 33504 | Orc:2    | Found an ancient bone altar of Kikubaaqudgha.
 33672 | Orc:2    | Found Nisiasamm's Antique Weapon Boutique.
 33675 | Orc:2    | Bought a potion of haste for 130 gold pieces
 33675 | Orc:2    | Bought a potion of haste for 130 gold pieces
 33675 | Orc:2    | Bought 2 potions of berserk rage for 130 gold pieces
 33675 | Orc:2    | Bought a potion of curing for 39 gold pieces
 33872 | Orc:2    | Found a staircase to the Elven Halls.
 34432 | Snake:1  | Entered Level 1 of the Snake Pit
 34600 | Snake:1  | You are sucked into a shaft and drop 1 floor!
 34734 | Snake:2  | Reached skill level 10 in Shields
 34795 | Snake:2  | Killed from afar by a naga mage

Illustrated notes

Levels and vault maps discovered:
D:1:      psy_arrival_dodecagon, layout_loops_ring, serial_forest,
          infiniplex_forest_pool, infiniplex_forest_end_double,
          infiniplex_forest_diagonal, infiniplex_forest_lined_2,
          infiniplex_forest_clump_double, infiniplex_forest_clump_C,
          infiniplex_forest_lined_2, infiniplex_forest_clump_small,
          hellmonk_ecumenical_altar_zigzags
D:2:      layout_basic, basic_altar
D:3:      layout_loops_ring
D:4:      layout_basic, mainiacjoe_overflow_tiny_flanked,
          mainiacjoe_overflow_cross_hatched, minmay_misc_feat_roman
D:5:      layout_gridville, amcnicky_altar_gilded, zin_purify, okawaru_trees_1,
          chequers_temple_overflow_statue_of_worship
D:6:      layout_basic
D:7:      layout_cave_pools, vehumet_statue, minmay_temple_entry_wispy,
          grunt_ministairs_13, uniq_crazy_yiuf_cottage, uniq_joseph,
          uniq_prince_ribbit1, uniq_maggie, uniq_pikel
D:8:      layout_rooms, makhleb_altar_promises_db, david_lair_generic,
          lemuel_flamethrower_1
D:9:      layout_basic, kennysheep_mini, uniq_gastronok, uniq_erica,
          uniq_maurice
D:10:     layout_rooms, mainiacjoe_overflow_catwalk, david_orc_3, serial_glass,
          glass_columns_b, glass_columns_c
D:11:     layout_basic, gammafunk_ghost_grave, nicolae_qazlal_eye_of_the_storm
D:12:     layout_loops_corners, gauntlet_entry_generic, uniq_rupert
D:13:     minmay_crescents, layout_gridville, serial_shops,
          nicolae_shop_competitors_out_of_business, st_stairs_12,
          elyvilon_altar_5
D:14:     layout_irregular_city, skrybe_vaults_entry_preservation,
          hangedman_decor_growths, kennysheep_generic_room_9
D:15:     grunt_enter_depths_hoard, layout_rooms, minivault_24,
          grunt_ministairs_13
Temple:   jpeg_temple_clearing
Lair:1:   layout_chaotic_city, serial_bayou_shore_a
Lair:2:   layout_misc_corridors, infiniplex_staircase_pool_2
Lair:3:   nzn_winding_woodlands_cross [nzn_winding_woodlands_5x15_pool,
          nzn_winding_woodlands_5x15_sidewinder,
          nzn_winding_woodlands_5x15_split_checker,
          nzn_winding_woodlands_5x15_sawtooth,
          nzn_winding_woodlands_15x15_killbox], layout_gridlike,
          minmay_snake_entry_guardpost_large
Lair:4:   layout_cave_pods, elwin_shoals_entry_rocks, nicolae_lair_lil_pond,
          lemuel_fruit_fields, grunt_megastairs_5, uniq_sonja, uniq_nergalle
Lair:5:   layout_small_grid, infiniplex_staircase_pool
Lair:6:   hangedman_lair_in_review, layout_regular_city, wormcave,
          dpeg_slime_entry_enclosed_altar, uniq_snorg, uniq_josephine
Shoals:1: layout_shoals
Snake:1:  cheibrodos_toxic_ritual, layout_gridlike, serial_shops, shop_coins,
          grunt_megastairs_4
Snake:2:  cheibrodos_snake_ritualist_ritual, layout_grid_maze, minmay_shop_grove
Snake:3:  layout_onion_interference, gammafunk_ghost_cemetery
Orc:1:    layout_diamond_mine
Orc:2:    kennysheep_orc_mage_school, layout_diamond_mine, serial_shops,
          nicolae_shop_stone
Depths:1: layout_forbidden_donut, nicolae_ashenzari_panopticon, serial_rivers,
          chequers_serial_rivers_micro_c, chequers_serial_rivers_small_3,
          chequers_serial_rivers_marsh, chequers_serial_rivers_micro_b,
          chequers_serial_rivers_room_b, chequers_serial_rivers_micro_b,
          rand_demon_pan_entry_5, hell_entry, kennysheep_crisscross,
          minmay_starry_boxes

Skill      XL: |  1  2  3  4  5  6  7  8  9 10 11 12 13 14 15 |
---------------+----------------------------------------------+-----
Long Blades    | 4 |  4.0
Fire Magic     | 4 |  4.0
Fighting       | 4 6 10 14 15 16 | 16.0
Spellcasting   | 2 |  2.0
Axes           | 2 3 5 6 11 13 14 | 14.0
Maces & Flails | 9 11 | 11.0
Dodging        | 7 10 | 10.0
Evocations     | 5 10 | 10.0
Shields        | 10 | 10.0

Action                   |  1- 3 |  4- 6 |  7- 9 | 10-12 | 13-15 || total
-------------------------+-------+-------+-------+-------+-------++-------
Melee: Falchion          |    37 |       |       |       |       ||    37
       Tailslap          |     4 |       |    19 |   114 |   233 ||   370
       Hand axe          |       |     3 |   135 |   579 |    79 ||   796
       Punch             |       |       |     3 |    17 |    22 ||    42
       Demon whip        |       |       |       |       |  1168 ||  1168
       Scimitar          |       |       |       |       |    67 ||    67
Throw: Dart              |       |       |       |     3 |     3 ||     6
 Cast: Scorch            |    32 |    69 |    70 |    27 |    13 ||   211
Invok: Rising Flame      |       |       |       |     1 |       ||     1
       Fiery Armour      |       |       |       |     3 |     1 ||     4
       Foxfire Swarm     |       |       |       |     1 |       ||     1
 Abil: Breathe Lightning |       |       |     3 |     4 |    23 ||    30
Evoke: Wand              |       |       |       |       |     1 ||     1
       Lightning rod     |       |       |       |       |     3 ||     3
       Tin of tremorston |       |       |       |       |     2 ||     2
       Box of beasts     |       |       |       |       |     1 ||     1
  Use: Scroll            |       |     3 |     9 |    11 |    14 ||    37
       Potion            |       |       |       |     4 |     4 ||     8
 Stab: Distracted        |       |       |       |     1 |     1 ||     2
Armor: Skin              |     9 |     8 |    90 |   238 |   363 ||   708
Dodge: Dodged            |    24 |    17 |    91 |   355 |   818 ||  1305
Block: Kite shield       |       |       |       |       |   170 ||   170
